 Dungeon Crawl Stone Soup version 0.29-a0-271-gd4eb659eea (console) character file.

Game seed: 13006490178392663125

955 lyritha the Skirmisher (level 7, 0/62 HPs)
             Began as a Demigod Wanderer on Mar 8, 2022.
             Slain by a gnoll sergeant
             ... wielding a +0 rapier
              (14 damage)
             ... on level 5 of the Dungeon.
             The game lasted 00:09:33 (5612 turns).

lyritha the Skirmisher (Demigod Wanderer)           Turns: 5612, Time: 00:09:33

Health: 0/62       AC:  5    Str: 11    XL:     7   Next: 59%
Magic:  6/16       EV: 11    Int: 24    God:
Gold:   202        SH:  0    Dex: 13    Spells: 12/14 levels left

rFire   . . .      SeeInvis .   a - +0 spear
rCold   . . .      Faith    .   (no shield)
rNeg    . . .      Spirit   .   d - +0 robe
rPois   .          Reflect  .   (no helmet)
rElec   .          Harm     .   m - +0 cloak
rCorr   .          Rampage  .   b - +0 pair of gloves
Will    .....                   j - +0 pair of boots
Stlth   ++........              (no amulet)
HPRegen 0.20/turn               (no ring)
MPRegen 0.15/turn               (no ring)

@: no status effects
A: high MP 1, forlorn, divine attributes
a: no special abilities


You were on level 5 of the Dungeon.
You visited 2 branches of the dungeon, and saw 6 of its levels.

You collected 202 gold pieces.

Inventory:

Hand Weapons
 a - a +0 spear (weapon)
Missiles
 i - 11 poisoned darts (quivered)
Armour
 b - a +0 pair of gloves (worn)
 d - a +0 robe (worn)
 j - a +0 pair of boots (worn)
 m - a +0 cloak (worn)
Scrolls
 c - 3 scrolls of blinking
 f - 2 scrolls of teleportation
 g - a scroll of enchant weapon {unknown}
 k - a scroll of fog {unknown}
 n - a scroll of noise {unknown}
 o - 2 scrolls of holy word {unknown}
 p - a scroll of brand weapon {unknown}
 q - a scroll of vulnerability {unknown}
 u - a scroll of identify
 v - a scroll of immolation {unknown}
Potions
 e - 2 potions of curing
 h - a potion of mutation
 l - a potion of invisibility
 r - 2 potions of cancellation {unknown}
 s - a potion of brilliance
 t - a potion of attraction {unknown}
 w - a potion of ambrosia {unknown}


   Skills:
 + Level 5.6 Fighting
 - Level 1.0 Polearms
 - Level 1.0 Throwing
 - Level 1.0 Stealth
 - Level 4.0 Spellcasting
 - Level 4.0 Conjurations
 - Level 4.0 Fire Magic


You had 12 spell levels left.
You knew the following spells:

 Your Spells              Type           Power      Damage    Failure   Level
a - Magic Dart            Conj           96%        1d7       1%          1
b - Foxfire               Conj/Fire      96%        2x1d8     1%          1

Your spell library contained the following spells:

 Spells                   Type           Power      Damage    Failure   Level
 Sting                    Tmut/Pois      16%        1d3       10%         1
 Poisonous Vapours        Pois/Air       8%         N/A       14%         2
 Hailstorm                Conj/Ice       14%        3d5       38%         4
 Olgreb's Toxic Radiance  Pois           4%         N/A       67%         4


Dungeon Overview and Level Annotations

Branches:
Dungeon (5/15)             Temple (1/1) D:4


Innate Abilities, Weirdness & Mutations

You have an increased reservoir of magic. (+10% MP)
You shall have no god before yourself.
Your divine heritage dramatically boosts your attributes as you level up.


Message History

Casting: Foxfire (safe; 1% risk of failure)
Confirm with . or Enter, or press ? or * to list all spells.
You conjure some foxfire!
The foxfire hits the gnoll sergeant but does no damage.
The gnoll sergeant is severely wounded.
The foxfire hits the gnoll sergeant.
The gnoll sergeant is almost dead.
The gnoll sergeant hits you with a +0 rapier!
The gnoll closely misses you.
The gnoll sergeant hits you with a +0 rapier.
Casting: Foxfire (safe; 1% risk of failure)
Confirm with . or Enter, or press ? or * to list all spells.
You conjure some foxfire!
The foxfire hits the gnoll sergeant.
The gnoll sergeant is almost dead.
The foxfire hits the gnoll sergeant.
The gnoll sergeant is almost dead.
The gnoll barely misses you.
The gnoll sergeant hits you with a +0 rapier!
* * * LOW HITPOINT WARNING * * *
Casting: Foxfire (safe; 1% risk of failure)
Confirm with . or Enter, or press ? or * to list all spells.
You conjure some foxfire!
The foxfire hits the gnoll sergeant but does no damage.
The gnoll sergeant is almost dead.
The foxfire hits the gnoll sergeant.
The gnoll sergeant is almost dead.
The gnoll sergeant hits you with a +0 rapier.
* * * LOW HITPOINT WARNING * * *
The gnoll hits you with a +0 club.
* * * LOW HITPOINT WARNING * * *
The gnoll sergeant barely misses you.
Casting: Foxfire (safe; 1% risk of failure)
Confirm with . or Enter, or press ? or * to list all spells.
You conjure some foxfire!
The foxfire hits the gnoll sergeant but does no damage.
The gnoll sergeant is almost dead.
The foxfire hits the gnoll sergeant but does no damage.
The gnoll sergeant is almost dead.
The gnoll sergeant hits you with a +0 rapier!
You die...

######## #......#####
########...........
###.........=......$.
#.....v.g............
#.....§@g............
#....)§.v)...........
#....#####...÷.......
#....# #..........#
### #..†.#
#..........# ..#
#....# ####.......'
#.# #....# #...g...#
#.# #....####
#.......# #.#
####....# #.......#


You could see a gnoll sergeant (fast, ally target) and a gnoll (ally target).

Vanquished Creatures
  An ogre (D:4)
  2 phantoms (D:4)
  3 necrophages
  A scorpion (Temple)
  2 howler monkeys (D:5)
  2 hounds
  A jelly (D:5)
  2 iguanas
  3 orc wizards
  6 adders
  2 gnolls (D:5)
  A worm (D:5)
  10 orcs
  6 bats
  5 endoplasms
  5 giant cockroaches
  15 goblins
  13 hobgoblins
  2 jackals (D:1)
  10 kobolds
  4 quokkas
  6 ball pythons
  4 frilled lizards
  6 rats
112 creatures vanquished.

Vanquished Creatures (others)
  338 foxfires
338 creatures vanquished.

Grand Total: 450 creatures vanquished

Notes
Turn   | Place    | Note
-------+----------+-------------------------------------------
     0 | D:1      | lyritha the Demigod Wanderer began the quest for the Orb.
     0 | D:1      | lyritha set off with the following items: a +0 spear, a +0
                  | pair of gloves, a scroll of blinking, a +0 robe; and the
                  | following spells available to memorise: Magic Dart,
                  | Foxfire, Hailstorm
     0 | D:1      | Reached XP level 1. HP: 17/17 MP: 4/4
     2 | D:1      | Learned a level 1 spell: Magic Dart
     4 | D:1      | Learned a level 1 spell: Foxfire
   332 | D:1      | Reached XP level 2. HP: 22/24 MP: 4/6
   432 | D:1      | Reached skill level 1 in Fire Magic
  1182 | D:2      | Reached XP level 3. HP: 24/29 MP: 6/8
  2000 | D:2      | Reached XP level 4. HP: 36/36 MP: 6/10
  3221 | D:4      | Noticed an ogre
  3281 | D:3      | Reached XP level 5. HP: 41/41 MP: 3/12
  3350 | D:4      | Reached skill level 2 in Fighting
  3563 | D:4      | Reached XP level 6. HP: 41/50 MP: 6/13
  3752 | D:4      | Reached skill level 3 in Fighting
  3883 | D:4      | Found a staircase to the Ecumenical Temple.
  3899 | Temple   | Entered the Ecumenical Temple
  3908 | Temple   | Reached skill level 4 in Fighting
  4368 | D:4      | Reached XP level 7. HP: 48/60 MP: 9/14
  4448 | D:4      | Reached skill level 5 in Fighting
  4612 | D:5      | Entered Level 5 of the Dungeon
  4612 | D:5      | Noticed a shadow
  5612 | D:5      | Slain by a gnoll sergeant

Illustrated notes

Levels and vault maps discovered:
D:1:      minmay_arrival_four_houses, layout_basic
D:2:      layout_rooms, minmay_goblin_outpost
D:3:      layout_basic, chequers_ecumenical_altar_simple_redux
D:4:      layout_rooms, minmay_temple_entry_grid
D:5:      layout_basic, saegor_snake_ambush
Temple:   mainiacjoe_temple_trianglar_array

Skill      XL: |  1  2  3  4  5  6  7 |
---------------+----------------------+-----
Fire Magic     | 1 2 3 4 |  4.0
Conjurations   | 4 |  4.0
Spellcasting   | 2 3 4 |  4.0
Fighting       | 2 4 5 |  5.6
Polearms       | |  1.0
Throwing       | |  1.0
Stealth        | |  1.0

Action                   |  1- 3 |  4- 6 |  7- 9 || total
-------------------------+-------+-------+-------++-------
Melee: Spear             |    97 |    35 |    15 ||   147
       Punch             |     1 |     2 |       ||     3
 Cast: Foxfire           |    52 |    91 |    68 ||   211
       Magic Dart        |     1 |       |       ||     1
  Use: Scroll            |       |     5 |     3 ||     8
 Stab: Sleeping          |     3 |       |     1 ||     4
Armor: Robe              |    35 |    20 |    15 ||    70
Dodge: Dodged            |    56 |    52 |    32 ||   140

Table legend: (Time is in decaauts)
 A = Elapsed time spent in this place.
 B = Non-inter-level travel time spent in this place.
 C = Inter-level travel time spent in this place.
 D = Time resting spent in this place.
 E = Time spent auto-exploring this place.
 F = Levels seen in this place.
 G = Mean time per level.
                   A        B        C        D        E       F      G
               +--------+--------+--------+--------+--------+-----+--------+
         Total |   5622 |   5406 |    216 |   1465 |   2951 |   6 |  937.0 |
       Dungeon |   5216 |   5017 |    199 |   1181 |   2871 |   5 | 1043.2 |
        Temple |    406 |    389 |     17 |    284 |     80 |   1 |  406.0 |
               +--------+--------+--------+--------+--------+-----+--------+

Top non-repeatable levels by time:
     D:2: 1150 daAuts
     D:1: 1136 daAuts
     D:4: 1133 daAuts
     D:3: 1053 daAuts
     D:5: 742 daAuts
  Temple: 406 daAuts
